 Dungeon Crawl Stone Soup version 0.19-a0-1201-gda63bca (webtiles) character file.

26325 inmateoo the Gouger (level 12, -3/52 HPs)
             Began as a Felid Monk on Aug 20, 2016.
             Was the Champion of Hepliaklqana.
             Slain by a brown ugly thing (13 damage)
             ... on level 15 of the Dungeon.
             The game lasted 00:52:17 (32440 turns).

inmateoo the Gouger (Felid Monk)                   Turns: 32440, Time: 00:52:17

Health: -3/52      AC:  3    Str: 12    XL:     12   Next: 97%
Magic:  23/23      EV: 39    Int: 13    God:    Hepliaklqana [******]
Gold:   1161       SH:  6    Dex: 29    Spells: 2 memorised, 16 levels left
                                        Lives:  0   Deaths: 3

rFire  . . .     SeeInvis +       - Unarmed
rCold  + . .     Gourm    .     (armour unavailable)
rNeg   . . .     Faith    .     (shield unavailable)
rPois  .         Spirit   .     (helmet unavailable)
rElec  +         Dismiss  .     (cloak unavailable)
rCorr  +         Reflect  +     (gloves unavailable)
MR     ++...     Harm     .     (boots unavailable)
Stlth  +++++++++.               y - +6 amulet of reflection
                                M - +4 ring of slaying
                                H - ring "Faomuo" {rCorr *Corrode rElec MR+}

@: mighty, agile, lethally poisoned (-3 -> -21), quick
A: no armour, no weapons or thrown items, claws 1, fangs 3, see invisible, agile
1, carnivore 3, speed 1, shaggy fur 3, slow regeneration 1, slow metabolism 1,
wild magic 1, evolution 1, sharp paws
a: Recall Ancestor, Ancestor Identity, Transference, Idealise, Renounce Religion


You were on level 15 of the Dungeon.
You worshipped Hepliaklqana.
Hepliaklqana was exalted by your worship.
You were not hungry.

You visited 4 branches of the dungeon, and saw 24 of its levels.

You collected 2000 gold pieces.
You spent 839 gold pieces at shops.

Inventory:

Jewellery
 c - an uncursed ring of protection from fire
 e - an uncursed ring of wizardry
 v - an uncursed ring of flight
 y - a +6 amulet of reflection (around neck)
 F - a +5 ring of dexterity
 H - the ring "Faomuo" (left paw) {rCorr *Corrode rElec MR+}
   (You bought it in a shop on level 9 of the Dungeon)

   [ring of resist corrosion]

   It insulates you from electricity.
   It affects your resistance to hostile enchantments.
   It may corrode you when you take damage.
 K - an uncursed ring of positive energy
 M - a +4 ring of slaying (right paw)
 P - an uncursed ring of protection from cold {unknown}
Wands
 j - a wand of lightning (8/15)
 l - a wand of disintegration (14/24)
 n - a wand of acid (4/15)
 A - a wand of flame (18/48)
 B - a wand of paralysis (7/24)
 D - a wand of disintegration (3/24)
 I - a wand of lightning (11/15)
 J - a wand of flame (19/48)
 N - a wand of iceblast (10/15)
 O - a wand of lightning (8/15)
 S - a wand of iceblast (0/15)
Scrolls
 m - a scroll of fog
 o - a scroll of blinking
 t - 2 scrolls of recharging
 u - 4 scrolls of fear
 x - 6 scrolls of remove curse
 z - 5 scrolls of teleportation
 E - 3 scrolls of identify
 L - 3 scrolls of magic mapping
Potions
 b - 2 potions of brilliance
 d - 2 potions of haste
 f - a potion of invisibility
 g - 2 potions of cancellation
 i - 5 potions of curing
 r - a potion of heal wounds
 s - 4 potions of agility
 C - 2 potions of flight
Books
 p - a book of Power

   Spells                             Type                      Level
   a - Fulminant Prism                Conjuration/Hexes            4
   b - Iskenderun's Mystic Blast      Conjuration                  4
   c - Venom Bolt                     Conjuration/Poison           5
   d - Bolt of Magma                  Conjuration/Fire/Earth       5
   e - Iron Shot                      Conjuration/Earth            6
   f - Orb of Destruction             Conjuration                  7
   g - Spellforged Servitor           Conjuration/Summoning        7
 G - a book of Unlife

   Spells                             Type                      Level
   a - Recall                         Summoning/Translocation      3
   b - Animate Dead                   Necromancy                   4
   c - Control Undead                 Necromancy                   4
   d - Cigotuvi's Embrace             Necromancy                   5
   e - Death Channel                  Necromancy                   6
   f - Simulacrum                     Ice/Necromancy               6
Miscellaneous
 k - a phial of floods (inert)
Comestibles
 a - 8 meat rations
 h - 10 slices of pizza
 w - 2 royal jellies


   Skills:
 + Level 10.5 Fighting
 + Level 13.5 Dodging
 + Level 13.8 Stealth
 * Level 14.0 Unarmed Combat
 + Level 7.2 Spellcasting
 * Level 7.0 Necromancy
 + Level 7.8 Invocations
 + Level 5.3 Evocations


You had 16 spell levels left.
You knew the following spells:

 Your Spells              Type           Power        Failure   Level  Hunger
a - Animate Dead          Necr           N/A          17%         4    ####...
b - Cigotuvi's Embrace    Necr           ####......   36%         5    ######.


Dungeon Overview and Level Annotations

Branches:
Dungeon (15/15)            Temple (1/1) D:5            Lair (6/6) D:10
  Swamp (0/4) Lair:2       Spider (0/4) Lair:4        Slime (0/5) Lair:6
    Orc (2/2) D:9
    Elf: Orc:2       Vaults: D:13-14     Depths: D:15

Altars:
Ashenzari
Dithmenos
Fedhas
Gozag
Hepliaklqana
Kikubaaqudgha
Makhleb
Nemelex Xobeh
Okawaru
Qazlal
Ru
Uskayaw
Yredelemnul
Zin
The Shining One
Beogh

Shops:
D:5 !   D:8 %   D:9 =   Orc:2 =

Annotations:
D:11 kroki's ghost, novice MiBe
D:14 Frances; Josephine; Urug
Lair:6 exclusion: 4 oklob plants


Innate Abilities, Weirdness & Mutations

You cannot wear armour.
You are incapable of wielding weapons or throwing items.
You have sharp claws.
You have razor-sharp teeth.
You have supernaturally acute eyesight. (SInv)
You are carnivorous and can eat meat at any time.
You cover ground quickly.
Your thick and shaggy fur keeps you warm. (AC +3, rC+)
You have a slow metabolism.
Your sharp claws are effective at attacking unaware monsters.
You are agile. (Dex +2)
You regenerate slowly when monsters are visible.
Your spells are a little harder to cast, but a little more powerful.
You evolve.


Message History

You are too injured to fight recklessly!
You barely miss the brown ugly thing.
The brown ugly thing is severely wounded.
* * * LOW HITPOINT WARNING * * *
You feel sick.
You barely miss the brown ugly thing.
The brown ugly thing is severely wounded.
* * * LOW HITPOINT WARNING * * *
You feel sick.
The brown ugly thing closely misses you.
You barely miss the brown ugly thing.
The brown ugly thing is severely wounded.
* * * LOW HITPOINT WARNING * * *
You feel sick.
The brown ugly thing closely misses you.
You closely miss the brown ugly thing. You bite the brown ugly thing!
The brown ugly thing is almost dead.
* * * LOW HITPOINT WARNING * * *
You feel sick. The brown ugly thing pecks you!
You die...

#####################
.....................
##..####.###..##..###
#.# #.@# # #.# #†u#
#.# #..# #.# #..# #.#
#..# #.# #..# #.. #)#
#..# #.H# #)# #..# .
#..# #.# #..#


You could see a brown ugly thing.

Vanquished Creatures
  Harold (D:11)
  5 hydras
  A catoblepas (Lair:2)
  Erica (D:10)
  5 death yaks (Lair:6)
  Nergalle (D:10)
  2 unseen horrors
  2 hill giants
  Pikel (Temple)
  A deep elf mage (D:14)
  6 ugly things
  A griffon (Lair:4)
  3 orc knights
  An orc sorcerer (Orc:2)
  14 elephants
  4 black mambas
  Joseph (D:8)
  A spiny frog (shapeshifter) (D:14)
  A gargoyle (D:14)
  4 centaur skeletons
  7 spiny frogs
  A torpor snail (Lair:3)
  Psyche (D:8)
  7 komodo dragons
  2 rime drakes
  A polar bear (Lair:5)
  A jumping spider (Lair:4)
  A troll (D:9)
  A two-headed ogre (D:12)
  Prince Ribbit (D:5)
  8 blink frogs
  Grinder (D:5)
  3 slime creatures (D:11)
  6 redbacks (D:12)
  3 wyverns
  A human (D:9)
  2 wraiths (D:14)
  47 yaks
  Grum (D:10)
  A fire elemental (Orc:2)
  2 basilisks
  2 hungry ghosts
  3 vampire mosquitoes (D:13)
  3 hippogriffs
  A warg (Orc:2)
  A soldier ant (D:13)
  7 water moccasins
  Duvessa (D:5)
  7 porcupines
  5 sky beasts
  2 black bears (D:10)
  17 orc warriors
  An eye of draining (D:12)
  3 slaves (Temple)
  4 phantoms
  6 ogres
  20 wolves
  17 centaurs
  12 crocodiles
  A big kobold (D:11)
  14 giant frogs
  2 scorpions (D:4)
  3 wyvern skeletons
  Dowan (D:5)
  7 killer bees
  3 howler monkeys
  2 vampire bats (D:7)
  8 wights
  4 electric eels
  10 crimson imps
  6 giant frog zombies
  11 hounds
  A jelly (D:12)
  17 orc wizards
  5 orc priests
  14 iguanas
  Ijyb (D:3)
  Terence (D:3)
  5 hell rats (Lair:5)
  15 worker ants
  9 sheep
  A mummy (D:10)
  2 hound zombies
  A hound skeleton (D:4)
  7 gnolls
  2 howler monkey skeletons
  15 adders
  29 river rats
  7 shadow imps
  An ooze (D:7)
  2 adder zombies
  2 adder skeletons (D:4)
  8 giant geckos
  55 orcs
  6 bats
  3 bat skeletons (D:7)
  3 bat zombies (D:7)
  10 giant cockroaches
  4 goblins
  6 hobgoblins
  12 jackals
  4 quokkas
  A ball python (D:1)
  A giant gecko zombie (D:6)
  5 giant newts
  2 jackal skeletons (D:6)
  12 kobolds
  A quokka skeleton (D:6)
  7 rats
  A plant (Lair:4)
616 creatures vanquished.

Vanquished Creatures (collateral kills)
  Erolcha (Orc:1)
  A hydra (Lair:5)
  A catoblepas (Lair:3)
  A hill giant (D:10)
  A deep elf mage (D:12)
  An ugly thing (D:14)
  2 elephants
  A black mamba (Lair:5)
  A jumping spider (Lair:4)
  3 blink frogs
  2 redbacks (D:12)
  A hungry ghost (D:11)
  A fire elemental (Orc:2)
  4 yaks
  2 orc warriors (Orc:1)
  A phantom (D:11)
  A necrophage (D:10)
  3 wolves
  An ogre (D:6)
  A centaur (D:11)
  A giant frog (D:8)
  A killer bee (D:10)
  2 electric eels
  An orc priest (Orc:2)
  A hound (D:5)
  An iguana (D:8)
  A sheep (Lair:6)
  A gnoll (D:8)
  2 river rats
  9 orcs
  A kobold (D:11)
  A plant (Lair:6)
52 creatures vanquished.

Vanquished Creatures (others)
  25 hexers
  3 fungi
  3 plants (Lair:3)
  A withered plant (D:10)
32 creatures vanquished.

Grand Total: 700 creatures vanquished

Notes
Turn   | Place    | Note
-------+----------+-------------------------------------------
     0 | D:1      | inmateoo the Felid Monk began the quest for the Orb.
     0 | D:1      | Reached XP level 1. HP: 10/10 MP: 2/2
   156 | D:1      | Found a glowing golden altar of the Shining One.
   191 | D:1      | Reached XP level 2. HP: 14/14 MP: 3/3
  1298 | D:2      | You fall through a shaft!
  1338 | D:2      | Reached XP level 3. HP: 17/17 MP: 4/4
  1554 | D:2      | Reached skill level 4 in Unarmed Combat
  1554 | D:2      | Reached XP level 4. HP: 13/21 MP: 5/5
  1922 | D:2      | Reached skill level 5 in Dodging
  2320 | D:3      | Noticed Terence
  2326 | D:3      | Killed Terence
  2326 | D:3      | Reached XP level 5. HP: 24/24 MP: 6/6
  2354 | D:3      | Noticed Ijyb
  2361 | D:3      | Killed Ijyb
  3288 | D:2      | Found a glowing golden altar of the Shining One.
  3765 | D:4      | Noticed an ogre
  3890 | D:4      | Reached skill level 5 in Unarmed Combat
  3890 | D:4      | Gained mutation: You are covered in thick fur. (AC +2) [Felid growth]
  3890 | D:4      | Reached XP level 6. HP: 28/28 MP: 7/7
  4498 | D:4      | Found a shattered altar of Ashenzari.
  4533 | D:4      | Reached skill level 5 in Stealth
  4732 | D:4      | Reached XP level 7. HP: 9/32 MP: 8/8
  5408 | D:4      | Reached skill level 6 in Unarmed Combat
  5609 | D:5      | Entered Level 5 of the Dungeon
  5910 | D:5      | Found a sparkling altar of Nemelex Xobeh.
  5912 | D:5      | Noticed Dowan
  5928 | D:5      | Found an iron altar of Okawaru.
  6019 | D:5      | Found a blossoming altar of Fedhas.
  6051 | D:5      | Found a staircase to the Ecumenical Temple.
  6054 | D:5      | Noticed Pikel
  6066 | Temple   | Entered the Ecumenical Temple
  6160 | Temple   | Became a worshipper of Hepliaklqana
  6160 | Temple   | Reached * piety under Hepliaklqana
  6160 | Temple   | Reached ** piety under Hepliaklqana
  6164 | Temple   | Remembered your ancestor Takurtum as a hexer
  6509 | Temple   | Killed Pikel
  6509 | Temple   | Reached skill level 5 in Fighting
  6509 | Temple   | Reached skill level 7 in Unarmed Combat
  6509 | Temple   | Reached XP level 8. HP: 18/33 MP: 9/9
  6705 | D:5      | Found an opulent altar of Gozag.
  6705 | D:5      | Noticed Prince Ribbit
  6719 | D:5      | Killed Prince Ribbit
  6795 | D:5      | Found Qiuli's Distillery.
  6803 | D:5      | Bought a potion of heal wounds for 70 gold pieces
  6803 | D:5      | Bought a potion of curing for 42 gold pieces
  6803 | D:5      | Bought a potion of agility for 56 gold pieces
  6803 | D:5      | Bought a potion of mutation for 35 gold pieces
  6803 | D:5      | Gained mutation: You are dopey. (Int -2) [potion of mutation]
  6803 | D:5      | Gained mutation: You regenerate slowly when monsters are visible. [potion of mutation]
  6803 | D:5      | Gained mutation: You tend to lose your temper in combat. [potion of mutation]
  6845 | D:5      | Noticed Grinder
  6965 | D:5      | Killed Grinder
  6965 | D:5      | Reached skill level 8 in Unarmed Combat
  7015 | D:5      | Noticed Duvessa
  7022 | D:5      | Killed Dowan
  7036 | D:5      | Killed Duvessa
  7036 | D:5      | Reached XP level 9. HP: 15/36 MP: 10/10
  7556 | D:5      | Gained mutation: You are weak. (Str -2) [potion of mutation]
  7556 | D:5      | Lost mutation: You are dopey. (Int -2) [potion of mutation]
  7583 | D:5      | Bought a potion of heal wounds for 70 gold pieces
  7583 | D:5      | Bought a potion of might for 56 gold pieces
  7845 | D:6      | Reached *** piety under Hepliaklqana
  8066 | D:6      | Found a burning altar of Makhleb.
  8394 | D:7      | You fall through a shaft for 2 floors!
  8488 | D:9      | Reached skill level 9 in Unarmed Combat
  8504 | D:8      | Reached **** piety under Hepliaklqana
  8522 | D:8      | Found a basalt altar of Yredelemnul.
  8887 | D:8      | Found a shadowy altar of Dithmenos.
  9149 | D:8      | Noticed Psyche
  9155 | D:8      | Killed Psyche
  9336 | D:8      | Found a burning altar of Makhleb.
  9405 | D:8      | Noticed Joseph
  9408 | D:8      | Killed Joseph
  9425 | D:8      | Reached XP level 10. HP: 42/42 MP: 11/11
  9451 | D:8      | Found Jeoz Piyfy's Food Emporium.
  9551 | D:9      | Reached skill level 10 in Unarmed Combat
  9575 | D:9      | Lost mutation: You are weak. (Str -2) [mutagenic meat]
  9578 | D:9      | Lost mutation: You tend to lose your temper in combat. [mutagenic meat]
  9581 | D:9      | Gained mutation: You occasionally shout uncontrollably at your foes. [mutagenic meat]
  9584 | D:9      | Gained mutation: You are agile. (Dex +2) [mutagenic meat]
  9587 | D:9      | Gained mutation: Your spells are a little harder to cast, but a little more powerful. [mutagenic meat]
  9643 | D:7      | Found a stormy altar of Qazlal.
 10019 | D:7      | Found an ancient bone altar of Kikubaaqudgha.
 10402 | D:9      | Found Baurat's Jewellery Boutique.
 10586 | D:9      | Reached skill level 1 in Spellcasting
 10626 | D:9      | Reached ***** piety under Hepliaklqana
 10858 | D:9      | Reached skill level 1 in Invocations
 10870 | D:9      | Reached skill level 10 in Stealth
 11188 | D:9      | Found a staircase to the Orcish Mines.
 11238 | D:9      | Reached skill level 10 in Dodging
 11555 | D:10     | Entered Level 10 of the Dungeon
 11775 | D:10     | Noticed an unseen horror
 11786 | D:10     | Killed an unseen horror
 11873 | D:10     | Found a staircase to the Lair.
 11927 | D:10     | Reached XP level 11. HP: 40/44 MP: 15/15
 11934 | D:10     | Noticed Grum
 12051 | D:10     | Reached skill level 11 in Unarmed Combat
 12278 | D:10     | Noticed Erica
 12279 | D:10     | Noticed Nergalle
 12928 | D:10     | Killed Grum
 13457 | D:11     | Noticed Harold
 13720 | D:11     | Killed Harold
 14256 | D:11     | Noticed kroki's ghost (novice MiBe)
 15148 | D:12     | Noticed a hill giant
 15467 | D:12     | Noticed a deep elf mage
 15476 | D:12     | Killed a deep elf mage
 15517 | D:12     | Noticed an unseen horror
 15530 | D:12     | Killed an unseen horror
 16178 | D:12     | Killed a hill giant
 16536 | D:12     | Gained mutation: Your thick and shaggy fur keeps you warm. (AC +3, rC+) [Felid growth]
 16536 | D:12     | Reached XP level 12. HP: 42/50 MP: 19/19
 16590 | D:12     | Reached skill level 12 in Unarmed Combat
 17003 | D:13     | Noticed a five-headed hydra
 17018 | D:12     | Killed a five-headed hydra
 17018 | D:12     | Reached skill level 5 in Invocations
 17513 | D:13     | Noticed a centaur warrior
 17516 | D:13     | Shot with an arrow by a centaur
 17517 | D:13     | Reached XP level 11. HP: 0/46 MP: 28/28
 17648 | D:13     | Noticed a hill giant
 17669 | D:13     | Killed a hill giant
 17708 | D:13     | Reached ****** piety under Hepliaklqana
 17771 | D:13     | Reached skill level 5 in Spellcasting
 17904 | D:14     | Noticed Urug
 17904 | D:14     | Noticed a four-headed hydra
 17904 | D:14     | Noticed a centaur warrior
 17941 | D:14     | Noticed a deep elf mage
 18259 | D:10     | Killed Erica
 18522 | D:10     | Killed Nergalle
 18594 | D:10     | Noticed a hill giant
 18912 | D:10     | Killed a hill giant
 19020 | Lair:1   | Entered Level 1 of the Lair of Beasts
 19351 | Lair:1   | Reached skill level 1 in Evocations
 19418 | Lair:1   | Reached XP level 12. HP: 51/51 MP: 21/21
 20036 | Lair:2   | Learned a level 4 spell: Animate Dead
 20083 | Lair:2   | Found a staircase to the Swamp.
 20484 | Lair:2   | Reached skill level 1 in Necromancy
 21004 | Lair:2   | Noticed a catoblepas
 21008 | Lair:2   | Killed a catoblepas
 22227 | D:9      | Bought the ring "Faomuo" {rCorr *Corrode rElec MR+} for 510 gold pieces
 23173 | Lair:3   | Noticed a catoblepas
 23194 | Lair:3   | Killed a catoblepas
 23194 | Lair:3   | Reached skill level 13 in Unarmed Combat
 23607 | Lair:3   | Mangled by an elephant
 23608 | Lair:3   | Reached XP level 11. HP: -11/48 MP: 21/21
 23732 | Lair:3   | Reached XP level 12. HP: 8/52 MP: 22/22
 24634 | Lair:4   | Noticed a five-headed hydra
 24643 | Lair:4   | Killed a five-headed hydra
 24643 | Lair:4   | Reached skill level 10 in Fighting
 24999 | Lair:4   | Found a hole to the Spider Nest.
 26129 | Lair:5   | Noticed a five-headed hydra
 26172 | Lair:5   | Killed a five-headed hydra
 26491 | Lair:5   | Reached skill level 5 in Necromancy
 26615 | Lair:5   | Noticed a five-headed hydra
 26628 | Lair:5   | Killed a five-headed hydra
 27219 | Lair:6   | Entered Level 6 of the Lair of Beasts
 27787 | Lair:6   | Found a staircase to the Slime Pits.
 27866 | Lair:6   | Reached XP level 13. HP: 41/54 MP: 21/23
 29563 | Orc:1    | Entered Level 1 of the Orcish Mines
 29748 | Orc:1    | Noticed Erolcha
 29758 | Orc:1    | Killed Erolcha
 29956 | Orc:1    | Learned a level 5 spell: Cigotuvi's Embrace
 30336 | Orc:2    | Entered Level 2 of the Orcish Mines
 30452 | Orc:2    | Found a roughly hewn altar of Beogh.
 30494 | Orc:2    | Found Jyklan's Jewellery Shoppe.
 30695 | Orc:2    | Found a roughly hewn altar of Beogh.
 31167 | Orc:2    | Found a roughly hewn altar of Beogh.
 31431 | D:14     | Gained mutation: You evolve. [mutagenic meat]
 31750 | D:14     | Reached skill level 5 in Evocations
 31827 | D:13     | Lost mutation: You occasionally shout uncontrollably at your foes. [mutagenic meat]
 32138 | D:14     | Noticed Josephine
 32279 | D:14     | Killed from afar by Josephine
 32280 | D:14     | Reached XP level 12. HP: -3/52 MP: 23/23
 32319 | D:14     | Noticed Frances
 32349 | D:15     | Entered Level 15 of the Dungeon
 32352 | D:15     | Noticed a six-headed hydra
 32389 | D:15     | Killed a six-headed hydra
 32389 | D:15     | Reached skill level 14 in Unarmed Combat
 32440 | D:15     | Slain by a brown ugly thing

Vault maps used:
D:1:      minmay_arrival_arboretum_small, tso_metal_star
D:2:      nicolae_overflow_hidden_temple, kennysheep_generic_room_16
D:3:      first_bread, uniq_iyjb, uniq_terence
D:4:      evilmike_ruin_ashenzari
D:5:      nicolae_gozag_seed_capital, overflow_temple_1_default,
          overflow_temple_1_default, serial_shops, shop_fountains,
          okawaru_metal_pillars_1_2, uniq_grinder, uniq_duvessa,
          uniq_prince_ribbit1, uniq_pikel
D:6:      makhleb_heckhound_becter
D:7:      kennysheep_vampire_church, lemuel_doored_altar
D:8:      yredelemnul_altar_generic, basic_altar, serial_shops, shop,
          nicolae_dithmenos_the_darkroom, uniq_psyche, uniq_joseph
D:9:      david_orc_4, serial_shops,
          nicolae_shop_temple_entry_statues_fountains, grunt_pizzeria
D:10:     lair_0_dummy, serial_undead, serial_undead_b, serial_undead_e,
          serial_undead_b, serial_undead_a, st_stairs_9,
          kennysheep_generic_room_2, uniq_nergalle, uniq_grum, uniq_erica
D:11:     uniq_harold
D:12:     serial_co_window_serial, co_window_paths_b, co_window_paths_b,
          co_window_corner_a, co_window_corner_a, co_window_paths_a,
          co_window_paths_b, co_window_paths_a, co_window_corner_b,
          co_window_broadway_c, co_window_corner_ca, co_window_corner_ca,
          glass_columns_b, glass_columns_a, glass_columns_a, glass_columns_c,
          glass_columns_c, spider_trap
D:14:     david_vaults_4, minmay_misc_feat_room, uniq_urug, uniq_frances,
          uniq_josephine
D:15:     grunt_enter_depths_magical_seal, special_room, serial_bayou_pond_c
Temple:   nicolae_temple_god_jail
Lair:1:   minivault_27, nicolae_quartered_pool_medium, serial_bayou_shore_b
Lair:2:   swamp_mist_pool, grunt_forest_small_clearings
Lair:3:   serial_bayou_shore_b, serial_bayou_shore_a
Lair:4:   spider_nest_entry_a, serial_bayou_lagoon_b, grunt_megastairs_5
Lair:5:   serial_bayou_pond_c
Lair:6:   due_jungle_book, minmay_slime_entry_oklob_open, st_stairs_4,
          serial_bayou_lagoon_a
Orc:1:    uniq_erolcha
Orc:2:    grunt_orc_community_town_hall, grunt_orc_community_big_house_1,
          grunt_orc_community_big_house_2, grunt_orc_community_house_1,
          grunt_orc_community_house_2, grunt_orc_community_house_2,
          grunt_orc_community_house_1, uniq_azrael

Skill      XL: |  1  2  3  4  5  6  7  8  9 10 11 12 13 |
---------------+----------------------------------------+-----
Stealth        | 3 4 5 6 7 9 10 12 13 | 13.8
Unarmed Combat | 4 5 7 8 9 10 11 14 | 14.0
Dodging        | 5 6 7 8 9 10 12 13 | 13.5
Fighting       | 4 5 7 9 10 | 10.5
Spellcasting   | 2 5 6 7 |  7.2
Invocations    | 2 6 7 |  7.8
Evocations     | 1 4 5 |  5.3
Necromancy     | 7 6 |  7.0

Action                   |  1- 3 |  4- 6 |  7- 9 | 10-12 | 13-15 || total
-------------------------+-------+-------+-------+-------+-------++-------
Melee: Unarmed           |    84 |   189 |   302 |  1410 |   352 ||  2337
       Bite              |    10 |    11 |    31 |   174 |    40 ||   266
       Punch             |     1 |     5 |    10 |   110 |    34 ||   160
 Cast: Animate Dead      |       |       |       |     7 |    17 ||    24
Invok: Ancestor Life: He |       |       |     1 |       |       ||     1
       Recall Ancestor   |       |       |     3 |    30 |     9 ||    42
       Transference      |       |       |       |     2 |     3 ||     5
       Idealise          |       |       |       |     1 |       ||     1
 Abil: Evoke Flight      |       |       |       |     1 |       ||     1
Evoke: Wand              |       |       |     3 |    30 |     6 ||    39
       Phial of floods   |       |       |       |     1 |     1 ||     2
  Use: Scroll            |     4 |     3 |     8 |    16 |     1 ||    32
       Potion            |       |       |     2 |    13 |     2 ||    17
 Stab: Sleeping          |    11 |    11 |    18 |    68 |     2 ||   110
       Distracted        |     1 |     2 |     8 |    18 |    10 ||    39
       Confused          |       |       |     5 |    25 |     7 ||    37
       Invisible         |       |       |       |     5 |       ||     5
       Paralysed         |       |       |       |     5 |       ||     5
  Eat: Chunk             |       |    10 |    13 |    61 |    16 ||   100
Armor: Skin              |     3 |     7 |     7 |    46 |    14 ||    77
Dodge: Dodged            |    56 |   149 |   178 |   966 |   258 ||  1607
Block: Other             |       |       |    13 |   276 |    61 ||   350
       Reflection        |       |       |     1 |    14 |     1 ||    16
